Map: Prion Terraces

Players

egoist

  • Race: Terran Terran
  • League: Platinum

ILLBdA - Winner!

  • Race: Zerg Zerg
  • League: Diamond

VOD

Have the link to the VOD?

Description

Time

  • Played on: Jan. 3, 2016, 7:25 p.m.
  • Length: 17:19
Show
View Real Time Build Order
Export as new Build Order

egoist Terran 

Build Orders: Liberator Opening, Reaper Expand, Bio Tank, MMM Bio 

Get SALT Encoding   

  12  0:01  SCV  
  13  0:14  SCV  
  14  0:18  Supply Depot  
  14  0:26  SCV  
  15  0:40  SCV  
  15  0:42  Barracks  
  16  0:47  Refinery  
  16  0:52  SCV  
  17  1:09  SCV  
  18  1:32  Reaper, Orbital Command  
  19  1:41  Refinery  
  19  1:57  Command Center  
  19  1:58  SCV  
  20  2:10  SCV  
  20  2:12  Factory  
  21  2:16  Supply Depot  
  21  2:22  SCV, Barracks Reactor  
  22  2:39  SCV  
  23  2:45  Bunker  
  23  2:51  SCV  
  24  2:55  Factory Reactor  
  24  2:59  Marine  
  24  3:00  Starport, Marine  
  24  3:03  SCV  
  27  3:07  Barracks  
  27  3:18  SCV  
  28  3:23  Orbital Command  
  28  3:25  Marine  
  29  3:29  Liberator, Marine  
  29  3:30  SCV  
  30  3:47  Factory Tech Lab  
  33  3:50  SCV x2  
  35  3:55  Supply Depot  
  35  3:59  Barracks Tech Lab  
  36  4:02  SCV  
  36  4:05  SCV  
  36  4:06  Cyclone  
  40  4:14  SCV, Marine x2  
  43  4:17  SCV  
  43  4:22  Stimpack  
  44  4:27  SCV  
  44  4:29  SCV  
  36  4:44  Orbital Command  
  31  4:51  SCV  
  31  4:54  Hellion  
  31  4:55  Marine x2  
  35  5:04  SCV  
  36  5:14  Marine x3  
  36  5:18  Cyclone  
  36  5:20  SCV x2  
  44  5:29  Mag-Field Accelerator  
  44  5:32  SCV x2  
  44  5:35  Marine x2  
  46  5:36  Marine  
  48  5:44  SCV  
  19  5:57  Marine x2  
  19  5:58  Marine  
  13  6:08  Hellion  
  14  6:15  Marine  
  14  6:16  SCV x2  
  17  6:28  SCV x2  
  19  6:40  SCV x2  
  19  6:46  Hellion  
  23  6:57  SCV x2  
  25  7:09  SCV x2  
  25  7:10  Hellion  
  29  7:21  SCV x2  
  31  7:33  SCV x2  
  30  7:40  Siege Tank  
  30  7:41  Marine x2  
  30  7:43  Marauder  
  37  7:45  SCV x2  
  37  7:47  Medivac  
  41  7:57  SCV x2  
  43  8:01  Marine  
  43  8:02  Marine  
  45  8:09  SCV x2  
  47  8:16  Refinery  
  47  8:21  SCV x2  
  49  8:29  Marine x3  
  49  8:33  SCV  
  49  8:34  SCV  
  54  8:50  Supply Depot  
  54  9:12  SCV x2, Siege Tank, Marine x3  
  54  9:15  Supply Depot  
  54  9:16  Supply Depot  
  62  9:32  Combat Shields  
  62  9:37  SCV x2, Marauder, Marine x2  
  68  9:44  Siege Tank  
  71  9:49  SCV x2  
  73  9:58  Supply Depot  
  73  10:01  SCV x2  
  73  10:05  Marauder, Refinery, Marine  
  78  10:18  Supply Depot  
  78  10:19  Marine  
  78  10:20  SCV x2  
  81  10:22  Siege Tank  
  81  10:23  Marine  
  85  10:35  SCV, Supply Depot  
  86  10:40  SCV, Marauder  
  89  10:44  Medivac  
  89  10:45  Medivac  
  89  10:49  Supply Depot  
  93  10:51  SCV  
  94  11:02  Marine  
  94  11:03  Marauder, Marine  
  98  11:16  Barracks  
  98  11:20  Marine x2  
  98  11:23  Liberator  
  98  11:24  Marauder  
  102  11:26  Siege Tank  
  105  11:38  Marine x2  
  110  11:55  Command Center  
  110  11:58  Refinery  
  110  12:00  Supply Depot  
  110  12:04  Supply Depot  
  110  12:05  Barracks Reactor  
  110  12:10  Barracks  
  110  12:22  SCV x2, Siege Tank, Marauder  
  117  12:29  Supply Depot  
  117  12:31  Supply Depot  
  117  12:34  SCV x2  
  119  12:41  Medivac x2  
  125  12:44  Marine, Marauder  
  125  12:51  Marine  
  127  12:58  Supply Depot  
  129  13:05  Barracks Reactor, Marauder  
  129  13:06  Concussive Shells  
  129  13:07  Marine  
  129  13:08  Marine x2  
  129  13:12  Orbital Command  
  132  13:20  SCV x2  
  132  13:25  Siege Tank, Medivac  
  132  13:27  Marauder  
  141  13:32  SCV x2  
  143  13:50  Marine x2  
  143  13:51  Marine x4, Refinery, Marauder  
  143  13:53  Medivac  
  143  13:55  Medivac  
  153  13:57  Siege Tank  
  156  14:06  Engineering Bay, Liberator  
  156  14:07  Engineering Bay  
  156  14:08  Marine  
  156  14:09  Armory  
  157  14:17  Barracks x2  
  157  14:19  SCV x2  
  157  14:20  SCV  
  157  14:22  Refinery  
  163  14:43  Command Center  
  163  14:45  Marauder  
  165  14:53  Supply Depot x2  
  165  14:55  Terran Infantry Weapons Level 1  
  165  14:56  Terran Vehicle Weapons Level 1  
  165  14:57  Supply Depot  
  165  14:58  Liberator  
  165  14:59  Supply Depot  
  165  15:14  Siege Tank, Marine x3  
  171  15:27  Marauder, Marine x3  
  137  15:28  Barracks Reactor  
  137  15:29  Barracks Tech Lab  
  117  15:48  Marauder  
  119  15:53  Marauder, Marine x5  
  126  15:57  Orbital Command  
  121  16:05  Marine x3  
  121  16:10  Marauder  
  121  16:11  Marine  
  127  16:14  Marauder  
  93  16:31  Marauder  
Show
View Real Time Build Order
Export as new Build Order

ILLBdA Zerg - Winner!

Build Orders: Hatch First, Lurkers 

Get SALT Encoding   

  12  0:01  Drone  
  13  0:13  Overlord  
  13  0:18  Drone  
  14  0:31  Drone x2  
  16  0:37  Drone  
  17  1:03  Hatchery  
  16  1:08  Spawning Pool  
  15  1:14  Drone x2  
  17  1:23  Drone  
  17  1:24  Extractor  
  17  1:30  Drone  
  19  1:40  Drone  
  19  1:55  Queen  
  19  1:56  Zergling x2  
  22  2:14  Queen  
  24  2:16  Zergling x4  
  24  2:17  Zergling x2  
  24  2:18  Overlord  
  27  2:26  Drone  
  27  2:27  Extractor  
  27  2:42  Drone x3  
  30  2:46  Metabolic Boost  
  30  2:50  Queen  
  32  2:52  Baneling Nest  
  31  3:04  Overlord  
  31  3:05  Drone x3  
  34  3:23  Zergling x2  
  34  3:24  Zergling x8  
  40  3:34  Zergling x6  
  40  3:36  Zergling x2  
  40  3:37  Zergling x2  
  44  3:54  Overlord  
  44  3:58  Overlord  
  44  4:04  Baneling  
  44  4:05  Baneling x5  
  44  4:13  Zergling x2  
  44  4:14  Zergling x14  
  52  4:20  Evolution Chamber  
  51  4:29  Zergling x2  
  51  4:30  Zergling x14  
  54  4:49  Drone x2  
  55  4:57  Spore Crawler  
  54  5:03  Drone x4  
  54  5:04  Spore Crawler  
  54  5:05  Queen  
  59  5:10  Lair  
  59  5:14  Baneling  
  59  5:49  Drone  
  59  5:50  Drone x5  
  59  5:52  Overlord x3  
  56  6:06  Drone x4  
  56  6:08  Hatchery  
  56  6:15  Hydralisk Den, Zerg Melee Weapons Level 1  
  53  6:31  Drone x4, Extractor  
  53  6:32  Drone x2  
  58  6:34  Hatchery  
  58  6:35  Baneling x4, Extractor  
  56  6:55  Hydralisk x2  
  60  7:14  Hydralisk x4  
  68  7:17  Drone x3  
  71  7:39  Hydralisk x5  
  71  7:42  Drone  
  82  7:45  Overlord  
  82  7:48  Hydralisk  
  82  7:50  Drone x4  
  88  7:52  Extractor  
  88  7:53  Extractor  
  86  8:06  Infestation Pit  
  86  8:11  Lurker Den  
  85  8:14  Drone x9  
  85  8:15  Drone  
  95  8:25  Drone  
  96  8:33  Extractor x2  
  94  8:38  Overseer  
  94  8:43  Centrifical Hooks  
  94  8:47  Hive  
  94  8:49  Drone x2  
  94  8:50  Overlord x3  
  96  9:11  Hydralisk x8  
  112  9:35  Spore Crawler  
  112  9:38  Hydralisk x4  
  113  9:40  Lurker  
  113  9:41  Hatchery  
  113  9:42  Lurker  
  120  9:46  Overlord x6  
  120  10:03  Zerg Melee Weapons Level 2  
  120  10:09  Ultralisk Cavern  
  119  10:16  Lurker x5  
  124  10:23  Drone x12  
  136  10:30  Muscular Augments  
  136  10:44  Hydralisk  
  136  10:45  Hydralisk x5  
  148  11:09  Viper, Hydralisk  
  148  11:10  Hydralisk x6  
  165  11:11  Zergling x2  
  165  11:15  Overseer  
  166  11:25  Chitinous Plating  
  166  11:34  Overlord x4  
  166  11:51  Baneling  
  166  11:52  Baneling x17  
  166  11:57  Ultralisk x2  
  178  12:02  Drone, Extractor  
  178  12:03  Drone x11, Extractor  
  188  12:13  Ultralisk  
  194  12:19  Ultralisk  
  195  12:32  Ultralisk  
  195  13:10  Zerg Melee Weapons Level 3  
  195  13:12  Hatchery  
  194  13:16  Hatchery  
  194  13:18  Hatchery  
  192  13:26  Pneumatized Carapace  
  192  13:30  Spore Crawler  
  191  13:59  Spore Crawler  
  190  14:14  Hatchery  
  190  14:15  Hatchery  
  188  14:18  Burrow  
  188  14:19  Lair  
  188  14:21  Ultralisk x2  
  200  14:32  Hatchery  
  200  14:35  Hatchery  
  200  14:37  Lurker x3  
  200  14:38  Hatchery, Lurker  
  187  15:21  Ultralisk x4  
  187  15:22  Ultralisk  
  159  15:29  Ultralisk x8  
  159  15:31  Ultralisk  
  159  15:32  Ultralisk  
  181  15:36  Zergling x16  
  183  15:54  Ultralisk  
  183  15:55  Ultralisk  
  192  16:07  Ultralisk  
  198  16:16  Hydralisk x2  
  198  16:17  Drone, Hydralisk  
  199  16:25  Hydralisk  
  199  16:39  Hydralisk  
  193  16:40  Hydralisk x2  
Tags
 
Add a new tag
Caveats
  • Supply blocks, unpowered buildings, or Contaminate may cause inaccurate times.
  • Supply counts are checked every 10 seconds.